[Event "Titled Tuesday Blitz June 20 Late 2023"]
[White "Isajevsky, Anton"]
[Black "Mcconnell, Sullivan"]
[WhiteFideId "4142500"]
[BlackFideId "30934885"]
[WhiteElo "2510"]
[BlackElo "2696"]
[Result "1-0"]
[Round "6"]
[TimeControl "180+2"]
[Date "2023.06.20"]
[WhiteClock "0:00:07"]
[BlackClock "0:01:32"]
[Board "55"]

1. c4 c5 2. Nc3 Nc6 3. g3 g6 4. Bg2 Bg7 5. Nf3 Nf6 6. O-O O-O 7. d4 cxd4 8. Nxd4 a6 9. c5 d5 10. cxd6 Nxd4 11. Qxd4 Qxd6 12. Qxd6 exd6 13. Rd1 Rd8 14. Bf4 d5 15. Nxd5 Nxd5 16. Bxd5 Bxb2 17. Rab1 Bf6 18. Kg2 Bf5 19. e4 Rxd5 20. exd5 Bxb1 21. Rxb1 b5 22. Rc1 Rd8 23. Rc6 Bd4 24. d6 a5 25. Bg5 Rd7 26. Be7 Be5 27. f4 Bxd6 28. Bxd6 b4 29. Kf3 f6 30. Ke4 a4 31. Bxb4 Kf7 32. a3 Rd1 33. Rc2 h5 34. Kf3 g5 35. Rd2 Rb1 36. Ke4 Kg6 37. f5+ Kf7 38. Rd7+ Kg8 39. Kd5 Rc1 40. Ke6 Rc6+ 41. Rd6 Rc2 42. Kxf6 h4 43. Kg6 Rc8 44. f6 hxg3 45. f7+ Kh8 46. Rd8+ Rxd8 47. Bc3+ 1-0


[Site "https://www.chess.com"]

[Event "Titled Tuesday Blitz June 20 Late 2023"]
[White "Fiorito, Joaquin"]
[Black "Siniauski, Artsiom"]
[WhiteFideId "180173"]
[BlackFideId "13512269"]
[WhiteElo "2199"]
[BlackElo "2065"]
[Result "1-0"]
[Round "6"]
[TimeControl "180+2"]
[Date "2023.06.20"]
[WhiteClock "0:01:35"]
[BlackClock "0:00:00"]
[Board "56"]

1. d4 Nf6 2. c4 e6 3. Nc3 Bb4 4. e3 O-O 5. Bd2 d5 6. Nf3 c5 7. a3 Ba5 8. dxc5 Nc6 9. b4 Bc7 10. cxd5 exd5 11. Nb5 Bb8 12. Bd3 Bg4 13. Qc2 a5 14. O-O Bxf3 15. gxf3 Ne5 16. f4 Nf3+ 17. Kg2 Nh4+ 18. Kh1 Qd7 19. Rg1 g6 20. Bc3 Nh5 21. Be2 Nxf4 22. exf4 Bxf4 23. Qd3 axb4 24. axb4 Rxa1 25. Bxa1 Re8 26. Qd4 Be5 27. Qxh4 Bxa1 28. Rxa1 Rxe2 29. Nd6 Qe6 30. Ra8+ Kg7 31. Ne8+ 1-0


[Site "https://www.chess.com"]

[Event "Titled Tuesday Blitz June 20 Late 2023"]
[White "Berezin, Viktor"]
[Black "Danielyan, Vahe"]
[WhiteFideId "14107872"]
[BlackFideId "13304828"]
[WhiteElo "2310"]
[BlackElo "2423"]
[Result "1-0"]
[Round "6"]
[TimeControl "180+2"]
[Date "2023.06.20"]
[WhiteClock "0:00:04"]
[BlackClock "0:00:00"]
[Board "57"]

1. d4 Nf6 2. Nf3 b6 3. g3 Bb7 4. Bg2 g6 5. O-O Bg7 6. c4 O-O 7. Nc3 Ne4 8. Nxe4 Bxe4 9. Be3 d6 10. Rc1 Nd7 11. b4 c5 12. bxc5 bxc5 13. dxc5 Nxc5 14. Bd4 e5 15. Bxc5 dxc5 16. Qxd8 Rfxd8 17. Rfd1 Rab8 18. Ng5 Bxg2 19. Kxg2 Bh6 20. f4 exf4 21. gxf4 Re8 22. Rc2 f6 23. Nh3 Re3 24. Rd3 Rbe8 25. Kf2 R3e7 26. f5 gxf5 27. Rd5 Re5 28. Kf1 Kf7 29. Ng1 Ke6 30. Rd3 Re4 31. Nf3 Rb8 32. Rb3 Rb6 33. Rcb2 Ra6 34. Rc3 Ra4 35. Rbc2 Bf4 36. Ne1 Re5 37. Nd3 Bg5 38. Nxe5 fxe5 39. Rb3 e4 40. Kg2 Ke5 41. e3 Ra6 42. Kf2 Rh6 43. Kf1 Rh3 44. Re2 Rf3+ 45. Ke1 h5 46. Kd2 h4 47. Rb5 Kd6 48. Rb7 h3 49. Rxa7 Rf1 50. a4 Ra1 51. a5 Ra2+ 52. Kd1 Ra1+ 53. Kc2 Bf6 54. Rd2+ Ke6 55. Ra6+ Ke7 56. Kb3 Rb1+ 57. Ka3 Bg5 58. Rd5 Bxe3 59. Rxf5 Bd4 60. Rh5 Ra1+ 61. Kb3 Rb1+ 62. Kc2 Rb2+ 63. Kd1 Kf7 64. Rah6 e3 65. Rxh3 1-0


[Site "https://www.chess.com"]

[Event "Titled Tuesday Blitz June 20 Late 2023"]
[White "Bolourchifard, Farzad"]
[Black "Kochiev, Ivan"]
[WhiteFideId "12510084"]
[BlackFideId "2917890"]
[WhiteElo "2317"]
[BlackElo "2287"]
[Result "1-0"]
[Round "6"]
[TimeControl "180+2"]
[Date "2023.06.20"]
[WhiteClock "0:00:39"]
[BlackClock "0:00:00"]
[Board "58"]

1. d4 Nf6 2. Nf3 e6 3. c4 c5 4. d5 exd5 5. cxd5 d6 6. Nc3 g6 7. Bg5 Bg7 8. e4 O-O 9. Be2 Na6 10. O-O Nc7 11. Re1 Re8 12. Bf1 Bg4 13. h3 Bxf3 14. Qxf3 h6 15. Bh4 g5 16. Bg3 a6 17. a4 h5 18. e5 dxe5 19. Bxe5 g4 20. hxg4 hxg4 21. Qf5 Qc8 22. Qg5 Rxe5 23. Rxe5 Nh7 24. Qf4 Bxe5 25. Qxe5 Ne8 26. Ne4 Qc7 27. Qh5 Qf4 28. Nxc5 Ng7 29. Qh2 Qd4 30. Nd3 Nf5 31. Qe5 Qxe5 32. Nxe5 Rd8 33. Bc4 g3 34. fxg3 Nxg3 35. Ra3 Nf5 36. Rb3 Nd6 37. Be2 Nf6 38. Bf3 Rc8 39. Rb6 Nfe8 40. Kf2 Rc2+ 41. Kg3 Rc5 42. Nd7 Rc4 43. Nf6+ 1-0


[Site "https://www.chess.com"]

[Event "Titled Tuesday Blitz June 20 Late 2023"]
[White "Karamsetty, Jeevan"]
[Black "Kakabayev, Mergen"]
[WhiteFideId "2025337"]
[BlackFideId "14002990"]
[WhiteElo "2131"]
[BlackElo "2240"]
[Result "0-1"]
[Round "6"]
[TimeControl "180+2"]
[Date "2023.06.20"]
[WhiteClock "0:00:03"]
[BlackClock "0:00:21"]
[Board "59"]

1. e4 e5 2. Nf3 Nc6 3. Bc4 Nf6 4. d3 Bc5 5. O-O d6 6. c3 a6 7. b4 Ba7 8. a4 Ne7 9. Bb3 O-O 10. h3 Ng6 11. Re1 h6 12. Nbd2 Be6 13. Nf1 Re8 14. Ng3 d5 15. exd5 Bxd5 16. c4 Bxf3 17. Qxf3 Bd4 18. Rb1 c6 19. Ne4 Nxe4 20. Rxe4 Re6 21. Be3 Rf6 22. Qe2 Bxe3 23. fxe3 a5 24. b5 c5 25. Rd1 Rd6 26. d4 f5 27. Rxe5 Nxe5 28. dxe5 Rxd1+ 29. Bxd1 Qe7 30. Qf3 Qxe5 31. Qxb7 Qxe3+ 32. Kh2 Re8 33. Qd5+ Kh8 34. Qxf5 Qd4 35. Bh5 Qd6+ 36. Kg1 Qd4+ 37. Kh2 Qd6+ 38. Kg1 Re1+ 39. Kf2 Qd2+ 40. Kg3 Qd6+ 41. Qf4 Qxf4+ 42. Kxf4 Ra1 43. Be8 Rxa4 44. Bf7 Rb4 45. Ke5 a4 46. Kd5 a3 47. Kxc5 Rb2 48. Kc6 a2 49. c5 a1=Q 50. b6 Qa8+ 51. Kc7 Qf8 52. Bd5 Qxc5+ 53. Bc6 0-1


[Site "https://www.chess.com"]

[Event "Titled Tuesday Blitz June 20 Late 2023"]
[White "Sun, Rick"]
[Black "Petukhov, Dmitry"]
[WhiteFideId "30909481"]
[BlackFideId "4142748"]
[WhiteElo "2169"]
[BlackElo "2311"]
[Result "1-0"]
[Round "6"]
[TimeControl "180+2"]
[Date "2023.06.20"]
[WhiteClock "0:00:02"]
[BlackClock "0:00:22"]
[Board "60"]

1. e4 c5 2. Nf3 d6 3. d4 cxd4 4. Nxd4 Nf6 5. Nc3 Nc6 6. Bg5 Bd7 7. f3 Rc8 8. Qd2 Qa5 9. Nb3 Qd8 10. O-O-O e6 11. g4 Be7 12. h4 O-O 13. h5 Ne5 14. Be2 a5 15. Bf4 a4 16. Nd4 Nc4 17. Bxc4 Rxc4 18. g5 e5 19. gxf6 Bxf6 20. Nde2 exf4 21. Qxd6 a3 22. e5 axb2+ 23. Kb1 Qa5 24. exf6 Be6 25. Rhg1 Ra8 26. Rxg7+ Kh8 27. Rdg1 Rxc3 28. Nxc3 Qxc3 29. Rg8+ Rxg8 30. Rxg8+ Kxg8 31. Qd8# 1-0


[Site "https://www.chess.com"]

[Event "Titled Tuesday Blitz June 20 Late 2023"]
[White "Martinez Ramirez, Lennis"]
[Black "Przybylski, Wojciech"]
[WhiteFideId "3509079"]
[BlackFideId "1117599"]
[WhiteElo "2410"]
[BlackElo "2228"]
[Result "0-1"]
[Round "6"]
[TimeControl "180+2"]
[Date "2023.06.20"]
[WhiteClock "0:00:28"]
[BlackClock "0:00:09"]
[Board "61"]

1. Nf3 Nf6 2. c4 e6 3. g3 b6 4. Bg2 Ba6 5. b3 Be7 6. O-O O-O 7. Nc3 d5 8. cxd5 exd5 9. d4 c6 10. Bf4 Re8 11. Rc1 Nbd7 12. Re1 Rc8 13. Ne5 Nf8 14. a4 Ba3 15. Rc2 Ne6 16. e3 Bb4 17. h4 h6 18. Bh3 Bb7 19. Ree2 c5 20. Nb5 a6 21. Na7 Rc7 22. Bxe6 Rxe6 23. Nd3 Rd7 24. dxc5 bxc5 25. Nxc5 Bxc5 26. Rxc5 Qb6 27. Qd4 Kh7 28. Nc8 Qxb3 29. Rec2 Ne4 30. Rc7 Rxc7 31. Rxc7 Rc6 32. Rxc6 Bxc6 33. Qe5 Qd1+ 34. Kg2 Bd7 35. Nd6 Bg4 36. Kh2 Nxd6 37. Bxh6 gxh6 38. Qf6 Bf3 39. g4 Qh1+ 40. Kg3 Qg2+ 41. Kf4 Qxg4+ 42. Ke5 Qe6+ 43. Qxe6 fxe6 44. Kxd6 Bg4 45. a5 Kg6 46. e4 dxe4 47. Ke5 Kh5 48. Kxe4 Kxh4 49. Kf4 Bf5 50. f3 Kh3 51. Ke5 h5 52. Kd6 h4 53. Kc5 Kg3 54. Kb6 Kxf3 55. Kxa6 Be4 56. Kb6 h3 57. a6 h2 58. a7 h1=Q 59. Kc7 Ba8 60. Kd6 Qh8 61. Kxe6 Ke4 62. Kd6 Qe5+ 63. Kd7 Qd5+ 64. Kc7 Qb7+ 65. Kd6 Qc6+ 66. Ke7 Qc7+ 67. Kf6 Qd7 68. Kg6 Ke5 69. Kg5 Qg7+ 70. Kh4 Kf4 71. Kh3 Qg3# 0-1


[Site "https://www.chess.com"]

[Event "Titled Tuesday Blitz June 20 Late 2023"]
[White "Goryachkina, Aleksandra"]
[Black "Turner, Max N"]
[WhiteFideId "4147103"]
[BlackFideId "447722"]
[WhiteElo "2471"]
[BlackElo "2157"]
[Result "1-0"]
[Round "6"]
[TimeControl "180+2"]
[Date "2023.06.20"]
[WhiteClock "0:00:16"]
[BlackClock "0:00:06"]
[Board "62"]

1. e4 e5 2. Nf3 Nc6 3. Bc4 Bc5 4. d3 Nf6 5. c3 d6 6. Nbd2 h6 7. h3 a6 8. Nf1 Ba7 9. a4 d5 10. exd5 Nxd5 11. Qb3 Na5 12. Qa2 Nxc4 13. Qxc4 O-O 14. Qe4 f5 15. Qe2 e4 16. dxe4 fxe4 17. Nd4 Bxd4 18. cxd4 Kh8 19. Ng3 Nf4 20. Bxf4 Rxf4 21. Qe3 g5 22. O-O Qd5 23. Rac1 c6 24. Rc5 Qf7 25. Re5 Bf5 26. Nxf5 Rxf5 27. Qxe4 Rf8 28. Re7 Qd5 29. Qe3 Rf4 30. Rxb7 Qxd4 31. Qe6 Qf6 32. Qd7 Qg6 33. f3 Rxa4 34. Re1 Raf4 35. Re7 Qf6 36. Rh7+ Kg8 37. Qg7+ Qxg7 38. Rbxg7# 1-0


[Site "https://www.chess.com"]

[Event "Titled Tuesday Blitz June 20 Late 2023"]
[White "Mattheii"]
[Black "Rastbod, Ali"]
[BlackFideId "12567477"]
[WhiteElo "2486"]
[BlackElo "2281"]
[Result "0-1"]
[Round "6"]
[TimeControl "180+2"]
[Date "2023.06.20"]
[WhiteClock "0:00:00"]
[BlackClock "0:00:17"]
[Board "63"]

1. d4 g6 2. c4 Bg7 3. Nc3 e6 4. e4 Ne7 5. Nf3 d5 6. cxd5 exd5 7. exd5 O-O 8. Bd3 Nxd5 9. h3 Re8+ 10. Ne2 c5 11. O-O cxd4 12. Nexd4 Nc6 13. Nxc6 bxc6 14. Bc4 Qb6 15. Qb3 h6 16. Bxd5 cxd5 17. Be3 Qa6 18. Rfd1 Be6 19. Bd4 Bf8 20. Qd3 Qb7 21. Qd2 Red8 22. Rac1 a5 23. a3 a4 24. Qf4 Bf5 25. Qe5 f6 26. Qxf6 Bg7 27. Qxg7+ Qxg7 28. Bxg7 Kxg7 29. Nd4 Bd7 30. Rc7 Rac8 31. Ne6+ Kf6 32. Nxd8 Rxc7 33. Rxd5 Ke7 34. Rd4 Kxd8 35. Rd6 Rc6 36. Rxc6 Bxc6 37. f4 Ke7 38. g4 Kd6 39. Kf2 Kc5 40. Ke3 Kc4 41. h4 Kb3 42. g5 hxg5 43. hxg5 Bd7 0-1


[Site "https://www.chess.com"]

[Event "Titled Tuesday Blitz June 20 Late 2023"]
[White "Czerw, Dawid"]
[Black "Amburgy, Ryan"]
[WhiteFideId "1145746"]
[BlackFideId "30924820"]
[WhiteElo "2144"]
[BlackElo "2134"]
[Result "1/2-1/2"]
[Round "6"]
[TimeControl "180+2"]
[Date "2023.06.20"]
[WhiteClock "0:00:18"]
[BlackClock "0:00:22"]
[Board "64"]

1. e4 e5 2. Nf3 Nc6 3. Bb5 a6 4. Ba4 Nf6 5. d4 exd4 6. O-O Be7 7. e5 Ne4 8. Nxd4 O-O 9. Nf5 d5 10. Nxe7+ Nxe7 11. c3 Bf5 12. Bc2 h6 13. f4 c6 14. Be3 f6 15. Nd2 Nxd2 16. Qxd2 fxe5 17. fxe5 Qd7 18. Bc5 Bxc2 19. Qxc2 Qe6 20. Qe2 Rf5 21. Rae1 Raf8 22. Bxe7 Qxe7 23. Rxf5 Rxf5 24. e6 Kf8 25. Kh1 Qf6 26. h3 Ke7 27. Qe3 Rf1+ 28. Rxf1 Qxf1+ 29. Kh2 Qf5 30. Qb6 Qe5+ 31. Kh1 Qe1+ 32. Kh2 Qe5+ 33. Kh1 Qe1+ 34. Kh2 Qe5+ 1/2-1/2


[Site "https://www.chess.com"]

[Event "Titled Tuesday Blitz June 20 Late 2023"]
[White "Sai Krishna G V"]
[Black "Balla, Tamas-Kristof"]
[WhiteFideId "5028280"]
[BlackFideId "1208497"]
[WhiteElo "2359"]
[BlackElo "2334"]
[Result "1-0"]
[Round "6"]
[TimeControl "180+2"]
[Date "2023.06.20"]
[WhiteClock "0:00:53"]
[BlackClock "0:00:16"]
[Board "65"]

1. e4 c5 2. Nf3 Nc6 3. Nc3 g6 4. h4 Nf6 5. h5 Nxh5 6. Rxh5 gxh5 7. Ng5 e6 8. Qxh5 Qf6 9. Nb5 h6 10. Nf3 Kd8 11. d4 a6 12. e5 Qg6 13. Bg5+ Be7 14. Qxg6 fxg6 15. Nd6 Rh7 16. Bxe7+ Kxe7 17. dxc5 g5 18. g4 h5 19. Nxg5 Rg7 20. f4 hxg4 21. Nge4 Nd4 22. O-O-O Nf5 23. Nxf5+ exf5 24. Nd6 Ke6 25. Bc4+ Ke7 26. Nxf5+ 1-0


[Site "https://www.chess.com"]

[Event "Titled Tuesday Blitz June 20 Late 2023"]
[White "Spata, German"]
[Black "Gascon Del Nogal, Jose Rafael"]
[WhiteFideId "113026"]
[BlackFideId "3902463"]
[WhiteElo "2260"]
[BlackElo "2473"]
[Result "1-0"]
[Round "6"]
[TimeControl "180+2"]
[Date "2023.06.20"]
[WhiteClock "0:00:09"]
[BlackClock "0:00:02"]
[Board "66"]

1. Nf3 c5 2. e3 Nf6 3. d4 e6 4. Be2 b6 5. O-O Bb7 6. b3 Be7 7. Bb2 O-O 8. c4 cxd4 9. Nxd4 d6 10. Nc3 Nbd7 11. Rc1 a6 12. Bf3 Qc7 13. h3 Rac8 14. Bxb7 Qxb7 15. Qf3 Qxf3 16. Nxf3 Rc6 17. Rfd1 Rfc8 18. Nd4 R6c7 19. Ba3 Nc5 20. Nde2 Kf8 21. Ng3 h5 22. Rc2 h4 23. Bxc5 Rxc5 24. Nge4 R5c6 25. Nxf6 gxf6 26. Rcd2 b5 27. Ne4 bxc4 28. bxc4 Rd8 29. Rc2 d5 30. Nd2 dxc4 31. Kf1 Bb4 32. a3 Ba5 33. Ke2 Rcd6 34. Nxc4 Rxd1 35. Nxa5 Rg1 36. Kf3 Rd5 37. Nc6 Rf5+ 38. Kg4 Rxg2+ 39. Kxh4 Kg7 40. Ne7 Rfxf2 41. Rc8 Kh7 42. Rf8 Kg7 43. Rg8+ Kh7 44. Rf8 Rg7 45. Nc8 Rf5 46. Nd6 Re5 47. Nxf7 Re4+ 48. Kh5 Rxe3 49. Rh8# 1-0


[Site "https://www.chess.com"]

[Event "Titled Tuesday Blitz June 20 Late 2023"]
[White "Kaplan, Avi Harrison"]
[Black "Martic, Ivan"]
[WhiteFideId "30934559"]
[BlackFideId "929301"]
[WhiteElo "1983"]
[BlackElo "2346"]
[Result "0-1"]
[Round "6"]
[TimeControl "180+2"]
[Date "2023.06.20"]
[WhiteClock "0:00:00"]
[BlackClock "0:00:10"]
[Board "67"]

1. b3 d6 2. Bb2 e5 3. e3 Nd7 4. c4 Ngf6 5. Nf3 g6 6. d4 Bg7 7. dxe5 Ng4 8. Nbd2 Ndxe5 9. Nxe5 Nxe5 10. Qc1 O-O 11. Be2 Re8 12. O-O Bf5 13. f4 Ng4 14. e4 Bxb2 15. Qxb2 Bd7 16. h3 Nf6 17. e5 Bc6 18. Rae1 dxe5 19. fxe5 Nd7 20. Bg4 Nc5 21. Qc3 Qd3 22. Qxd3 Nxd3 23. Re3 Rad8 24. e6 f5 25. Be2 Nb4 26. Nf3 Nxa2 27. Ng5 Re7 28. Re1 Nb4 29. Bf3 Nc2 30. R1e2 Nxe3 31. Rxe3 Bxf3 32. Nxf3 Rd6 33. Ng5 h6 34. Nf3 Rexe6 35. Rc3 Re2 36. Kh2 g5 37. c5 Rd1 38. c6 b6 39. b4 a6 40. b5 axb5 41. Ra3 Rf1 42. Kg3 f4+ 43. Kg4 Kg7 44. Kh5 Rxg2 45. h4 Rg3 46. Ra7 Rfxf3 47. Rxc7+ Kf6 48. Rh7 Rh3 49. Rxh6+ Kf5 0-1


[Site "https://www.chess.com"]

[Event "Titled Tuesday Blitz June 20 Late 2023"]
[White "Nikologorsky, Matfei"]
[Black "Arabidze, Meri"]
[WhiteFideId "24102474"]
[BlackFideId "13604040"]
[WhiteElo "2153"]
[BlackElo "2405"]
[Result "1-0"]
[Round "6"]
[TimeControl "180+2"]
[Date "2023.06.20"]
[WhiteClock "0:00:16"]
[BlackClock "0:00:15"]
[Board "68"]

1. e4 c5 2. Nf3 e6 3. d4 cxd4 4. Nxd4 Nc6 5. Nc3 a6 6. Be2 Qc7 7. O-O Nf6 8. Be3 Be7 9. Qe1 O-O 10. Rd1 d6 11. f4 Bd7 12. Bf3 b5 13. a3 Rab8 14. g4 b4 15. axb4 Nxb4 16. g5 Ne8 17. Rf2 Qc8 18. Rg2 e5 19. fxe5 dxe5 20. Nf5 Bxf5 21. exf5 Qxf5 22. Be4 Qc8 23. Qh4 g6 24. Rg3 h5 25. Rf1 Bc5 26. Kh1 Bxe3 27. Rxe3 Nd6 28. Rf6 Qc4 29. Qf2 Nxe4 30. Rxe4 Qc7 31. Rh4 Qb7+ 32. Kg1 Nd5 33. Ne4 Nf4 34. Rfxf4 exf4 35. Nf6+ Kh8 36. Qe2 Qb6+ 37. Kg2 Qe6 38. Rxh5+ gxh5 39. Qxh5+ Kg7 40. Qh7# 1-0


[Site "https://www.chess.com"]

[Event "Titled Tuesday Blitz June 20 Late 2023"]
[White "Jonkman, Harmen"]
[Black "Seemann, Jakub"]
[WhiteFideId "1002708"]
[BlackFideId "21874697"]
[WhiteElo "2368"]
[BlackElo "2364"]
[Result "0-1"]
[Round "6"]
[TimeControl "180+2"]
[Date "2023.06.20"]
[WhiteClock "0:00:00"]
[BlackClock "0:00:32"]
[Board "69"]

1. d4 Nf6 2. Nf3 g6 3. Nc3 d5 4. Bf4 Bg7 5. e3 O-O 6. Bd3 c5 7. dxc5 Nbd7 8. O-O Nxc5 9. Be2 Nfe4 10. Be5 Nxc3 11. Bxc3 Bxc3 12. bxc3 e6 13. c4 dxc4 14. Bxc4 b6 15. Nd4 Bb7 16. Qg4 Qf6 17. a4 e5 18. Nb5 a6 19. Nc3 Rfd8 20. Rfd1 e4 21. Ne2 Bc8 22. Qg3 Be6 23. Bxe6 Qxe6 24. h4 h5 25. Nf4 Qf5 26. Rab1 Nxa4 27. c4 b5 28. cxb5 axb5 29. Kh2 Nc3 30. Rxd8+ Rxd8 31. Ra1 b4 32. Ra6 Qg4 33. Rb6 Qxg3+ 34. Kxg3 Na2 35. Ne2 Rd2 36. Nd4 Rb2 37. f3 exf3 38. gxf3 Nc3 39. Nc6 Nd5 40. Rb5 Nxe3 41. Rxb4 Rg2+ 42. Kh3 Rc2 43. Rb8+ Kg7 44. Ne5 Rc5 45. Nd3 Rf5 46. Kg3 Nf1+ 0-1


[Site "https://www.chess.com"]

[Event "Titled Tuesday Blitz June 20 Late 2023"]
[White "Jaskolka, Tomasz"]
[Black "Quiroga Jaquez, Angel Ivan"]
[WhiteFideId "1170791"]
[BlackFideId "5117801"]
[WhiteElo "2155"]
[BlackElo "2011"]
[Result "1/2-1/2"]
[Round "6"]
[TimeControl "180+2"]
[Date "2023.06.20"]
[WhiteClock "0:00:08"]
[BlackClock "0:00:13"]
[Board "70"]

1. d4 Nf6 2. Nc3 d5 3. Bf4 c6 4. e3 e6 5. Nf3 Bd6 6. Ne5 Qc7 7. Bd3 Nbd7 8. Nxd7 Bxd7 9. Bxd6 Qxd6 10. f4 c5 11. Qf3 a6 12. O-O c4 13. Be2 Bc6 14. Nd1 Ne4 15. Qg4 g6 16. Nf2 f5 17. Nxe4 dxe4 18. Qh4 Bd5 19. b3 c3 20. Qf6 Rf8 21. Qg7 Qe7 22. Qe5 Rc8 23. a3 Qc7 24. Qxc7 Rxc7 25. Kf2 a5 26. b4 a4 27. h4 Ke7 28. h5 Kf6 29. hxg6 hxg6 30. Rh1 Rff7 31. Rh6 Rh7 32. Rah1 Rxh6 33. Rxh6 Kg7 34. Rh1 Kf6 35. g4 Kg7 36. Kg3 Bc4 37. Bxc4 Rxc4 38. Rd1 Kf7 39. d5 Rc7 40. Rh1 Kf6 41. g5+ Ke7 42. Rh7+ Kd6 43. Rh6 Rg7 44. dxe6 Kxe6 45. Rh8 Rd7 46. Rc8 Rd1 47. Rxc3 Ra1 48. Kf2 Kd5 49. Ke2 Ra2 50. Kd2 Ra1 51. Rc5+ Kd6 52. Rc3 b6 53. Ke2 Kd5 54. Kd2 Kd6 55. Ke2 Kd5 56. Kd2 Kd6 1/2-1/2


[Site "https://www.chess.com"]

[Event "Titled Tuesday Blitz June 20 Late 2023"]
[White "Herrera, Juan Sebastian"]
[Black "ATM622"]
[WhiteFideId "4403266"]
[WhiteElo "2255"]
[BlackElo "2635"]
[Result "0-1"]
[Round "6"]
[TimeControl "180+2"]
[Date "2023.06.20"]
[WhiteClock "0:00:00"]
[BlackClock "0:00:11"]
[Board "71"]

1. d4 Nf6 2. c4 e6 3. g3 d5 4. Nf3 dxc4 5. Bg2 Bd7 6. Ne5 Bc6 7. Nxc6 Nxc6 8. Qa4 Qd7 9. Qxc4 Nxd4 10. O-O c5 11. Nc3 Be7 12. Be3 O-O 13. Rfd1 Rfd8 14. h3 Rac8 15. a4 e5 16. Bg5 Qe6 17. Qxe6 Nxe6 18. Bxf6 Bxf6 19. Rxd8+ Rxd8 20. Bxb7 Rb8 21. Bd5 Rxb2 22. Ne4 Rxe2 23. Rb1 h6 24. Rb8+ Kh7 25. Rb7 Kg6 26. Nd6 Nd8 27. Rxa7 Kh7 28. a5 Rd2 29. Be4+ Kg8 30. Ne8 c4 31. Rc7 Rd4 32. Bf3 e4 33. Be2 Be5 0-1


[Site "https://www.chess.com"]

[Event "Titled Tuesday Blitz June 20 Late 2023"]
[White "Manukyan, Sargis A."]
[Black "Sivakumar, Shaaketh"]
[WhiteFideId "13303970"]
[BlackFideId "30940176"]
[WhiteElo "2187"]
[BlackElo "2174"]
[Result "1-0"]
[Round "6"]
[TimeControl "180+2"]
[Date "2023.06.20"]
[WhiteClock "0:01:22"]
[BlackClock "0:00:10"]
[Board "72"]

1. d4 d5 2. c4 c6 3. Nc3 Nf6 4. e3 a6 5. Nf3 Bf5 6. Bd3 Bxd3 7. Qxd3 e6 8. O-O Nbd7 9. e4 dxe4 10. Nxe4 Nxe4 11. Qxe4 Nf6 12. Qe2 Be7 13. Rd1 O-O 14. Bg5 Qc7 15. Bh4 Rfd8 16. b3 a5 17. Bg3 Qb6 18. Ne5 Rxd4 19. Rxd4 Qxd4 20. Rd1 Qb6 21. Nd7 Nxd7 22. Rxd7 Bf6 23. Qh5 g6 24. Qf3 Rd8 25. Rc7 e5 26. Bxe5 Qb4 27. Kf1 Qd2 28. g3 Qc1+ 29. Kg2 Rd1 30. Rc8+ Bd8 31. Rxd8+ Rxd8 32. Qf6 1-0


[Site "https://www.chess.com"]

[Event "Titled Tuesday Blitz June 20 Late 2023"]
[White "Moral Garcia, Serafin"]
[Black "Olsson, William"]
[WhiteFideId "2201925"]
[BlackFideId "1741721"]
[WhiteElo "2274"]
[BlackElo "2197"]
[Result "1-0"]
[Round "6"]
[TimeControl "180+2"]
[Date "2023.06.20"]
[WhiteClock "0:00:20"]
[BlackClock "0:00:00"]
[Board "73"]

1. e4 c5 2. Nf3 d6 3. d4 cxd4 4. Nxd4 Nf6 5. Nc3 g6 6. Be3 Bg7 7. f3 O-O 8. Qd2 Nc6 9. O-O-O d5 10. Kb1 Nxd4 11. e5 Nf5 12. exf6 exf6 13. Bc5 d4 14. Bxf8 Qxf8 15. Nb5 Ne3 16. Re1 f5 17. Nxd4 f4 18. g3 Qc5 19. Nb3 Qe5 20. Qd8+ Bf8 21. gxf4 Qxf4 22. Bd3 b6 23. Be4 Bb7 24. Qd4 Bxe4 25. Rxe3 Bxc2+ 26. Kxc2 Rc8+ 27. Kb1 Qf5+ 28. Ka1 Bg7 29. Qe4 Qf6 30. Re2 h5 31. Rd1 a5 32. a3 a4 33. Nd4 Kh7 34. Rc2 Rd8 35. Rcd2 Rc8 36. Nb5 Rc5 37. Nd6 b5 38. Ne8 Qg5 39. Nxg7 Rc1+ 40. Ka2 Qxd2 41. Rxd2 1-0


[Site "https://www.chess.com"]

[Event "Titled Tuesday Blitz June 20 Late 2023"]
[White "Ingebretsen, Jens E"]
[Black "Mikhalsky, Vladimir"]
[WhiteFideId "1522965"]
[BlackFideId "14144352"]
[WhiteElo "2213"]
[BlackElo "2236"]
[Result "1-0"]
[Round "6"]
[TimeControl "180+2"]
[Date "2023.06.20"]
[WhiteClock "0:00:33"]
[BlackClock "0:00:00"]
[Board "74"]

1. e4 g6 2. Nf3 Bg7 3. d4 d6 4. Bc4 a6 5. Qe2 e6 6. h4 h6 7. Nc3 Ne7 8. h5 g5 9. Nxg5 hxg5 10. Bxg5 Bxd4 11. O-O-O Nbc6 12. Nd5 Be5 13. f4 exd5 14. exd5 f6 15. dxc6 fxg5 16. fxe5 d5 17. h6 Be6 18. Qh5+ Bf7 19. Qxg5 Nxc6 20. Qg7 Rg8 21. Bxd5 Rxg7 22. Bxc6+ bxc6 23. Rxd8+ Rxd8 24. hxg7 Ke7 25. Rh8 Bg8 26. g4 Ke6 27. Rh6+ Kxe5 28. Rxc6 Rd6 29. Rxc7 Rg6 30. a4 Rxg4 31. b3 Rg6 32. Kb2 Kd5 33. b4 Kd6 34. Ra7 Kd5 35. Kc3 Rg3+ 36. Kb2 Kc4 37. Rb7 Rg6 38. Ka3 Rg3+ 39. Kb2 Bd5 40. Rd7 Be6 41. Re7 Bg8 42. b5 axb5 43. a5 b4 44. a6 Ra3 45. a7 Bd5 46. Rd7 Be6 47. Re7 Bd5 48. Rc7+ Kb5 49. Rd7 Be6 50. Rb7+ Kc5 51. Re7 Bg8 52. Re8 1-0


[Site "https://www.chess.com"]

[Event "Titled Tuesday Blitz June 20 Late 2023"]
[White "Tobares, Leandro"]
[Black "Bjelobrk, Igor"]
[WhiteFideId "106402"]
[BlackFideId "4300726"]
[WhiteElo "2292"]
[BlackElo "2319"]
[Result "0-1"]
[Round "6"]
[TimeControl "180+2"]
[Date "2023.06.20"]
[WhiteClock "0:00:00"]
[BlackClock "0:00:11"]
[Board "75"]

1. e4 e6 2. d3 c5 3. Nf3 b6 4. g3 Bb7 5. Bg2 d6 6. O-O Nf6 7. a4 Nc6 8. Re1 Be7 9. c3 O-O 10. d4 cxd4 11. cxd4 d5 12. e5 Ne4 13. Nc3 Rc8 14. Be3 Nb4 15. Rc1 Qd7 16. Bf1 Nxc3 17. Rxc3 Ba6 18. Qb3 Bxf1 19. Rxf1 Rxc3 20. bxc3 Nc6 21. Nd2 Rc8 22. Qb5 h6 23. f4 Rc7 24. g4 Na5 25. Qxd7 Rxd7 26. f5 Rc7 27. Rc1 Bb4 28. fxe6 fxe6 29. Ne4 Ba3 30. Ra1 Bb2 31. Ra2 Bxc3 32. Nd6 Bb4 33. Bf4 g5 34. Bg3 Rc1+ 35. Kg2 Nc4 36. Rf2 Ne3+ 37. Kh3 Rc7 38. Rf6 Bc3 39. Rxh6 Bxd4 40. Rxe6 Rd7 41. Ne8 Kf7 42. Nf6 Kxe6 43. Nxd7 Kxd7 44. Bf2 Ke6 45. Bxe3 Bxe3 46. Kg3 Bf4+ 47. Kf3 Bxe5 48. h4 gxh4 49. g5 h3 50. Kg4 h2 51. Kh3 h1=Q+ 0-1


[Site "https://www.chess.com"]

[Event "Titled Tuesday Blitz June 20 Late 2023"]
[White "Sharan, Rao"]
[Black "Hoffmann, Asa"]
[WhiteFideId "5073464"]
[BlackFideId "2001470"]
[WhiteElo "2149"]
[BlackElo "2117"]
[Result "1-0"]
[Round "6"]
[TimeControl "180+2"]
[Date "2023.06.20"]
[WhiteClock "0:00:05"]
[BlackClock "0:00:09"]
[Board "76"]

1. d4 Nf6 2. Nc3 d6 3. e4 c6 4. Nf3 Bg4 5. a4 e6 6. h3 Bh5 7. Be2 d5 8. e5 Nfd7 9. O-O c5 10. Bg5 Be7 11. Bxe7 Qxe7 12. Nb5 Na6 13. Nd6+ Kf8 14. Nxb7 Bxf3 15. Bxf3 cxd4 16. Qxd4 Nac5 17. Nxc5 Qxc5 18. Qxc5+ Nxc5 19. c4 Rd8 20. cxd5 exd5 21. Rfd1 d4 22. b4 Ne6 23. a5 Rb8 24. Rab1 Ke7 25. b5 Rhd8 26. b6 axb6 27. a6 Rd7 28. Bb7 Rdxb7 29. axb7 Rxb7 30. g3 b5 31. f4 g6 32. Kf2 h5 33. Kf3 Kd7 34. g4 hxg4+ 35. hxg4 Kc6 36. f5 gxf5 37. gxf5 Nc5 38. Rxd4 Ra7 39. Rd6+ Kc7 40. Rxb5 Ra3+ 41. Kg4 Ne4 42. Rdb6 Ra1 43. Kf4 Nc3 44. Rb7+ Kc6 45. R5b6+ Kc5 46. Rb2 Nd5+ 47. Kg5 Rg1+ 48. Kh6 Ne3 49. Rxf7 Ng4+ 50. Kh7 Nxe5 51. Re7 Rh1+ 52. Kg8 Ng4 53. Rg7 Nh6+ 54. Kf8 Nxf5 55. Rg5 Rf1 56. Ke8 Kd4 57. Rb4+ Ke5 58. Rb5+ Kf6 59. Rg8 Nd6+ 60. Kd7 Rd1 61. Rb6 Ke5 62. Rg5+ Kf6 63. Rh5 Kg6 64. Ra5 Kf6 65. Rxd6+ Rxd6+ 66. Kxd6 1-0


[Site "https://www.chess.com"]